 Seeded DCSS version 0.30.0-29-ga12c61a403 (webtiles) character file.

Game seed: 7229806256980976716 (custom seed)

179 OTABOTABOTAB the Skirmisher (level 5, -6/43 HPs)
             Began as a Gnoll Hunter on June 25, 2023.
             Mangled by boopmooplesden's ghost (9 damage)
             ... on level 3 of the Dungeon.
             The game lasted 00:03:35 (1907 turns).

OTABOTABOTAB the Skirmisher (Gnoll Hunter)          Turns: 1907, Time: 00:03:35

Health: -6/43      AC:  3    Str: 11    XL:     5   Next: 59%
Magic:  7/7        EV: 14    Int:  8    God:
Gold:   671        SH:  0    Dex: 17    Spells: 7/7 levels left

rFire   . . .        a - +27 heavy crossbow "Sniper" {heavy, Acc+∞ SInv}
rCold   . . .        (shield currently unavailable)
rNeg    . . .        c - +0 leather armour
rPois   .            (no helmet)
rElec   .            (no cloak)
rCorr   .            (no gloves)
SInv    +            (no boots)
Will    .....        (no amulet)
Stlth   ++           (no ring)
HPRegen 0.27/turn    (no ring)
MPRegen 0.10/turn

%: no passive effects
@: no status effects
A: fangs 1, strong nose, distributed training
a: no special abilities


You were on level 3 of the Dungeon.
You visited 1 branch of the dungeon, and saw 3 of its levels.

You collected 671 gold pieces.

Inventory:

Hand Weapons
 a - the +27 heavy crossbow "Sniper" (weapon) {heavy, Acc+∞ SInv}
   (You acquired it on level 1 of the Dungeon)

   Acc+∞: It never misses its target.
   SInv:      It lets you see invisible.
 d - a +4 shortbow of electrocution
   (You acquired it on level 1 of the Dungeon)
Missiles
 i - a throwing net {!d}
 m - 8 poisoned darts
 s - 35 stones
Armour
 c - a +0 leather armour (worn)
 p - a +0 pair of gloves
   (You found it on level 3 of the Dungeon)
Scrolls
 b - 3 scrolls of amnesia {unknown}
 e - a scroll of teleportation {unknown}
 g - 2 scrolls of blinking {unknown}
 h - 4 scrolls of identify {unknown}
 j - a scroll of enchant armour {unknown}
 q - a scroll of poison {unknown}
 K - a scroll of immolation {!r}
Potions
 f - 2 potions of mutation {unknown}
 k - a potion of might {unknown}
 l - 2 potions of curing {unknown}
 n - a potion of invisibility {unknown}
 o - 2 potions of brilliance {unknown}


   Skills:
 + Level 4.8 Fighting
 + Level 1.6 Short Blades
 + Level 1.6 Long Blades
 + Level 1.6 Axes
 + Level 1.6 Maces & Flails
 + Level 1.6 Polearms
 + Level 1.6 Staves
 + Level 8.7 Ranged Weapons
 + Level 1.6 Throwing
 + Level 1.6 Armour
 + Level 4.8 Dodging
 + Level 2.8 Stealth
 + Level 1.6 Shields
 + Level 1.6 Unarmed Combat
 + Level 1.6 Spellcasting
 + Level 1.3 Conjurations
 + Level 1.3 Hexes
 + Level 1.3 Summonings
 + Level 1.3 Necromancy
 + Level 1.3 Translocations
 + Level 1.3 Transmutations
 + Level 1.3 Fire Magic
 + Level 1.3 Ice Magic
 + Level 1.3 Air Magic
 + Level 1.3 Earth Magic
 + Level 1.3 Poison Magic
 + Level 1.8 Invocations
 + Level 1.6 Evocations


You had 7 spell levels left.
You didn't know any spells.
Your spell library contained the following spells:

 Spells                   Type           Power      Damage    Failure   Level
 Cigotuvi's Dreadful Rot  Necr/Pois/Air  4%         N/A       41%         2
 Poisonous Vapours        Pois/Air       4%         N/A       41%         2
 Mephitic Cloud           Conj/Pois/Air  2%         N/A       65%         3
 Dispel Undead            Necr           2%         3d7       96%         4
 Freezing Cloud           Conj/Ice/Air   1%         6-21      100%        5
 Death Channel            Necr           1%         N/A       100%        6


Dungeon Overview and Level Annotations

Branches:
Dungeon (3/15)

Altars:
Zin

Annotations:
D:3 boopmooplesden's ghost, amateur DrBe


Innate Abilities, Weirdness & Mutations

You have very sharp teeth.
Your uncanny sense of smell can sniff out nearby items.
Your experience applies equally to all skills.


Message History

You kill the jackal!
You hear a bark!
A jackal comes into view. x2
There are monsters nearby!
You shoot a bolt. The jackal barks!
The bolt hits the jackal.
The jackal bites you.
A jackal comes into view.
The jackal closely misses you. The jackal misses you.
You take 2 damage, and have 41/43 hp.
You shoot a bolt. The bolt hits the jackal!!!
You kill the jackal!
The jackal bites you but does no damage.
The jackal bites you. The jackal barely misses you.
You shoot a bolt. The bolt hits the jackal!!
You kill the jackal!
The jackal completely misses you. The jackal misses you.
The jackal closely misses you. The jackal bites you. The jackal misses you.
You shoot a bolt. The bolt hits the jackal!!!
You kill the jackal!
Things that are here:
a jackal corpse; a jackal corpse; a jackal corpse
q - a scroll labelled ZUYR ICKIOV Health restored: 43 No reachable target in view!
Boopmooplesden's ghost turns its malevolent gaze towards you.
Found an escape hatch in the floor.
A bat comes into view.
You shoot a bolt. The bolt hits the bat!!!!
You kill the bat!
An endoplasm comes into view.
An endoplasm is nearby!
You shoot a bolt. The bolt hits the endoplasm!!!
You kill the endoplasm! 2 jackals come into view.
You shoot a bolt. The bolt hits the jackal!
You kill the jackal!
You shoot a bolt. The bolt hits the jackal!!!!
You kill the jackal!
s - 30 stones (gained 6)
You see here a +0 club.
You now have 669 gold pieces (gained 9).
h - 4 scrolls labelled ISYPAI JAGUE (gained 1)
A jackal comes into view.
You shoot a bolt. The bolt hits the jackal!!!
You kill the jackal!
A jackal comes into view.
You shoot a bolt. The bolt hits the jackal!
You kill the jackal!
You see here a jackal corpse.
An endoplasm comes into view.
You see here a jackal corpse.
You shoot a bolt. The bolt hits the endoplasm!!!
You kill the endoplasm!
s - 35 stones (gained 5)
A giant cockroach comes into view.
You shoot a bolt. The bolt hits the giant cockroach!!!
You kill the giant cockroach!
Found an escape hatch in the ceiling.
No target in view!
You now have 671 gold pieces (gained 2).
You see here a giant cockroach corpse.
You see here a jackal corpse.
You see here a +0 sling.
Found a glowing silver altar of Zin.
No target in view!
You see here a +0 hand axe.
There is an escape hatch in the floor here.
Found a stone staircase leading down.
An ufetubus comes into view.
You shoot a bolt. The bolt hits the ufetubus!!!
You kill the ufetubus!
Found a stone staircase leading down.
There is a glowing silver altar of Zin here.
Boopmooplesden's ghost turns its malevolent gaze towards you.
You open the gate.
Fire: a) +27 heavy crossbow "Sniper" {heavy, Acc+∞ SInv}
Press: ? - help, Q - select action, (/) - cycle Shift-Dir - straight line, f - boopmooplesden's ghost
Aim: boopmooplesden's ghost (100% to hit)
You shoot a bolt. The bolt hits the bullfrog skeleton!!!
You destroy the bullfrog skeleton!
The bullfrog skeleton misses you.
The bullfrog skeleton barely misses you.
The wyvern zombie bites you! The bullfrog skeleton misses you.
The wyvern zombie misses you.
The bullfrog skeleton closely misses you.
The wyvern zombie bites you! Boopmooplesden's ghost hits you.
The bullfrog skeleton hits you.
You take 30 damage, and have 13/43 hp.
MASSIVE DAMAGE!!
Fire: a) +27 heavy crossbow "Sniper" {heavy, Acc+∞ SInv}
Press: ? - help, Q - select action, (/) - cycle Shift-Dir - straight line, f/p - boopmooplesden's ghost
Aim: boopmooplesden's ghost (100% to hit)
You shoot a bolt. The bolt hits boopmooplesden's ghost!!
The wyvern zombie misses you. The bullfrog skeleton hits you.
* * * LOW HITPOINT WARNING * * *
The wyvern zombie bites you!
* * * LOW HITPOINT WARNING * * *
Boopmooplesden's ghost hits you!
You die...

.# #.# ### .#
######### #..
### ..#.#.. #..
..# ##.$(..##
#.. #.#####
#.......# #..
#.....####
##.....## #..
#####....#
#....Z..# #..
####.#####'ZW###
#..
##...##..Z@.#
###
##...........#
##.. #
#............#
####..# #
#............#
#.....# ##
#............##
#.##.<# .#
##............#
#.##..# .##
##....#...##.###
###.##..# ..####
####÷######...#
##...##...
#....# #..#
###.###..###..#.


You could see boopmooplesden's ghost, a wyvern zombie, a bullfrog skeleton and a
howler monkey skeleton.

Vanquished Creatures
  A jelly (D:2)
  A bullfrog skeleton (D:3)
  4 adders (D:2)
  An ufetubus (D:3)
  3 worms
  4 endoplasms
  5 giant cockroaches
  2 goblins
  5 hobgoblins
  20 jackals
  4 quokkas
  6 ball pythons
  5 bats
  A frilled lizard (D:1)
  4 rats
66 creatures vanquished.

Notes
Turn   | Place    | Note
-------+----------+-------------------------------------------
     0 | D:1      | OTABOTABOTAB the Gnoll Hunter began the quest for the Orb.
     0 | D:1      | Reached XP level 1. HP: 20/20 MP: 1/1
    97 | D:1      | Reached XP level 2. HP: 22/26 MP: 2/2
   535 | D:1      | Reached XP level 3. HP: 31/31 MP: 3/3
   737 | D:1      | Identified 3 scrolls of acquirement
   737 | D:1      | Acquired a +4 shortbow of electrocution
   741 | D:1      | Acquired 533 gold pieces
   742 | D:1      | Acquired the +27 heavy crossbow "Sniper" {heavy, Acc+∞
                  | SInv}
   742 | D:1      | Found the +27 heavy crossbow "Sniper" {heavy, Acc+∞ SInv}
   838 | D:2      | Reached skill level 1 in Invocations
  1022 | D:2      | Reached skill level 1 in Short Blades
  1022 | D:2      | Reached skill level 1 in Long Blades
  1022 | D:2      | Reached skill level 1 in Axes
  1022 | D:2      | Reached skill level 1 in Maces & Flails
  1022 | D:2      | Reached skill level 1 in Polearms
  1022 | D:2      | Reached skill level 1 in Staves
  1022 | D:2      | Reached skill level 1 in Throwing
  1022 | D:2      | Reached skill level 1 in Armour
  1022 | D:2      | Reached skill level 1 in Shields
  1022 | D:2      | Reached skill level 1 in Unarmed Combat
  1022 | D:2      | Reached skill level 1 in Spellcasting
  1022 | D:2      | Reached skill level 1 in Evocations
  1044 | D:2      | Reached skill level 1 in Conjurations
  1044 | D:2      | Reached skill level 1 in Hexes
  1044 | D:2      | Reached skill level 1 in Summonings
  1044 | D:2      | Reached skill level 1 in Necromancy
  1044 | D:2      | Reached skill level 1 in Translocations
  1044 | D:2      | Reached skill level 1 in Transmutations
  1044 | D:2      | Reached skill level 1 in Fire Magic
  1044 | D:2      | Reached skill level 1 in Ice Magic
  1044 | D:2      | Reached skill level 1 in Air Magic
  1044 | D:2      | Reached skill level 1 in Earth Magic
  1044 | D:2      | Reached skill level 1 in Poison Magic
  1044 | D:2      | Reached XP level 4. HP: 38/38 MP: 5/5
  1219 | D:2      | Reached XP level 5. HP: 43/43 MP: 7/7
  1684 | D:3      | Found a runed translucent gate.
  1684 | D:3      | Found a runed translucent gate.
  1684 | D:3      | Found a runed translucent gate.
  1690 | D:3      | Noticed boopmooplesden's ghost (amateur DrBe)
  1820 | D:3      | Found a glowing silver altar of Zin.
  1907 | D:3      | HP: 3/43 [wyvern zombie (9)]
  1907 | D:3      | Mangled by boopmooplesden's ghost

Illustrated notes

Levels and vault maps discovered:
D:1:      spicycebolla_arrival_ecumenical, layout_loops_ring
D:2:      layout_basic
D:3:      layout_rooms, mainiacjoe_overflow_paths, gammafunk_ghost_necromancy

Skill      XL: |  1  2  3 |
---------------+----------+-----
Invocations    | 1 |  1.8
Short Blades   | 1 |  1.6
Long Blades    | 1 |  1.6
Axes           | 1 |  1.6
Maces & Flails | 1 |  1.6
Polearms       | 1 |  1.6
Staves         | 1 |  1.6
Throwing       | 1 |  1.6
Armour         | 1 |  1.6
Shields        | 1 |  1.6
Unarmed Combat | 1 |  1.6
Spellcasting   | 1 |  1.6
Evocations     | 1 |  1.6
Conjurations   | 1 |  1.3
Hexes          | 1 |  1.3
Summonings     | 1 |  1.3
Necromancy     | 1 |  1.3
Translocations | 1 |  1.3
Transmutations | 1 |  1.3
Fire Magic     | 1 |  1.3
Ice Magic      | 1 |  1.3
Air Magic      | 1 |  1.3
Earth Magic    | 1 |  1.3
Poison Magic   | 1 |  1.3
Fighting       | |  4.8
Ranged Weapons | |  8.7
Dodging        | |  4.8
Stealth        | |  2.8

Action                     |  1- 3 |  4- 6 || total
---------------------------+-------+-------++-------
   Fire: Shortbow          |    65 |       ||    65
         Heavy crossbow    |    15 |    33 ||    48
    Use: Scroll            |     3 |       ||     3
 Armour: Leather armour    |    12 |     1 ||    13
  Dodge: Dodged            |    28 |    13 ||    41

Levels and vault maps discovered:
D:1:      spicycebolla_arrival_ecumenical, layout_loops_ring
D:2:      layout_basic
D:3:      layout_rooms, mainiacjoe_overflow_paths, gammafunk_ghost_necromancy

Table legend: (Time is in decaauts)
 A = Elapsed time spent in this place.
 B = Non-inter-level travel time spent in this place.
 C = Inter-level travel time spent in this place.
 D = Time resting spent in this place.
 E = Time spent auto-exploring this place.
 F = Levels seen in this place.
 G = Mean time per level.
                   A        B        C        D        E       F      G
               +--------+--------+--------+--------+--------+-----+--------+
         Total |   2014 |   1994 |     20 |      0 |   1672 |   3 |  671.3 |
       Dungeon |   2014 |   1994 |     20 |      0 |   1672 |   3 |  671.3 |
               +--------+--------+--------+--------+--------+-----+--------+

Top non-repeatable levels by time:
     D:2: 776 daAuts
     D:1: 762 daAuts
     D:3: 475 daAuts

Table legend:
 A = Kills in this place as a percentage of kills in the entire game.
 B = Kills by you in this place as a percentage of kills by you in the entire game.
 C = Kills by friends in this place as a percentage of kills by friends in the entire game.
 D = Other kills in this place as a percentage of other kills in the entire game.
 E = Experience gained in this place as a percentage of experience gained in the entire game.
 F = Experience gained in this place divided by the number of levels of this place that you have seen.
                   A       B       C       D       E      F
               +-------+-------+-------+-------+-------+----------------------
         Total | 100.0 | 100.0 |   N/A |   N/A | 100.0 |  85.7
       Dungeon | 100.0 | 100.0 |   N/A |   N/A | 100.0 |  85.7
               +-------+-------+-------+-------+-------+----------------------
